 Dungeon Crawl Stone Soup version 0.30-a0-137-gd8773701ce (webtiles) character file.

Game seed: 9682041871078934032

2067 testman the Fighter (level 9, -1/120 HPs)
             Began as a Palentonga Fighter on Sept 21, 2022.
             Was a Follower of Uskayaw.
             Slain by a gnoll sergeant
             ... wielding a +4 trident of venom
              (7 damage)
             ... on level 6 of the Dungeon.
             The game lasted 00:23:51 (5411 turns).

testman the Fighter (Palentonga Fighter)            Turns: 5411, Time: 00:23:53

Health: -1/120     AC: 24    Str: 22 (25) XL:     9   Next: 5%
Magic:  1/10       EV:  1    Int:  6 (8)  God:    Uskayaw [*.....]
Gold:   248        SH:  5    Dex:  9 (11) Spells: 8/8 levels left

rFire   . . .      SeeInvis +    a - +0 war axe
rCold   . . .      Faith    .    y - +1 buckler
rNeg    . . .      Spirit   .    (body armour currently unavailable)
rPois   +          Reflect  .    (helmet currently unavailable)
rElec   .          Harm     .    (cloak currently unavailable)
rCorr   .          Rampage  .    (gloves currently unavailable)
Will    .....      NoTele   +    (no barding)
Stlth   +.........               (no amulet)
HPRegen 0.30/turn                (no ring)
MPRegen 0.12/turn                (no ring)

@: lethally poisoned (-1 -> -12), tree-form, attractive, hasted, studying 2
skills, very quick
A: stationary, stasis, torment immunity, boosted hp, large, rugged brown scales
3, see invisible, (deformed body), (roll 1), (armoured tail), (reflexive curl),
deterioration 1, (teleportitis 1), evolution 1
a: Renounce Religion, Stomp


You were on level 6 of the Dungeon.
You worshipped Uskayaw.
Uskayaw was noncommittal.
You were a tree.
You visited 1 branch of the dungeon, and saw 6 of its levels.
You also visited: Sewer.

You collected 308 gold pieces.
You spent 60 gold pieces at shops.

Inventory:

Hand Weapons
 a - a +0 war axe (weapon)
Missiles
 k - 8 curare-tipped darts
Armour
 p - a +2 robe of resistance (melded)
 y - a +1 buckler (worn)
Jewellery
 w - a ring of ice
Wands
 B - a wand of flame (7)
 C - a wand of polymorph (4)
Scrolls
 c - a scroll of torment {unknown}
 e - 2 scrolls of amnesia
 h - a scroll of immolation {unknown}
 j - 2 scrolls of blinking
 l - 2 scrolls of magic mapping
 m - 6 scrolls of identify
 n - a scroll of enchant weapon {unknown}
 o - 4 scrolls of teleportation
 q - a scroll of fear {unknown}
 r - a scroll of butterflies
 u - a scroll of summoning {unknown}
 v - 3 scrolls of enchant armour
 A - a scroll of acquirement {unknown}
 D - a scroll of vulnerability {unknown}
Potions
 b - a potion of haste
 d - a potion of attraction
 i - 2 potions of mutation
 s - a potion of degeneration
 t - a potion of invisibility {unknown}
 x - a potion of lignification
 z - a potion of magic {unknown}


   Skills:
 + Level 8.7 Fighting
 + Level 8.4 Axes
 - Level 2.4 Armour
 - Level 3.0 Shields
 + Level 2.3 Invocations


You had 8 spell levels left.
You didn't know any spells.
Your spell library contained the following spells:

 Spells                   Type           Power      Damage    Failure   Level
 Summon Small Mammal      Summ           0%         N/A       52%         1
 Call Canine Familiar     Summ           0%         N/A       88%         3
 Summon Guardian Golem    Hex/Summ       0%         N/A       88%         3
 Dispersal                Tloc           0%         N/A       100%        6
 Disjunction              Tloc           0%         N/A       100%        8


Dungeon Overview and Level Annotations

Branches:
Dungeon (6/15)              Sewer (visited)
 Temple: D:4-7

Altars:
Uskayaw

Shops:
D:2 ?


Innate Abilities, Weirdness & Mutations

You are a tree.
Your roots penetrate the ground, keeping you stationary.
You cannot be teleported.
You are immune to unholy pain and torment.
Your maximum health is greatly increased.
Your equipment is partially melded.
(You are completely covered in rugged brown scales. (AC +3, +7% HP))
You have supernaturally acute eyesight. (SInv)
((Armour fits poorly on your strangely shaped body.))
((You can roll at nearby foes to attack.))
((You have a long armoured tail.))
((You curl defensively after being hit. (AC +7*)))
Your body sometimes deteriorates upon taking damage.
((You are occasionally teleported next to monsters.))
You have hidden genetic potential.


Message History

The gnoll hits you from afar with a +0 spear.
* * * LOW HITPOINT WARNING * * *
The orc priest hits you but does no damage.
The orc hits you but does no damage.
The gnoll sergeant hits you but does no damage.
The orc is attracted toward you.
An orc comes into view. It is wielding a +0 dagger.
You cannot teleport because you are held in place by your roots.
Unknown command.
Okay, then.
As you read the scroll labelled WENNA NOCOMU, it crumbles to dust.
It is a scroll of amnesia.
You feel forgetful for a moment.
The orc shouts!
You hear a bark!
The orc is attracted toward you.
As you read the scroll labelled SOCUAS CUEGELUS, it crumbles to dust.
You cannot blink because you are held in place by your roots.
It was a scroll of blinking.
You block the gnoll's attack. You block the gnoll sergeant's attack.
You block the orc's attack.
As you read the scroll labelled ZOCLOI MOTUDI, it crumbles to dust.
You feel aware of your surroundings.
You sensed 1 shop/portal.
It was a scroll of magic mapping.
As you read the scroll labelled ZENAPU OSOED, it crumbles to dust.
It is a scroll of enchant armour.
Your +0 buckler glows green for a moment.
The gnoll hits you but does no damage.
The gnoll sergeant hits you from afar with a +4 trident of venom!
* * * LOW HITPOINT WARNING * * *
You are poisoned.
The orc priest hits you with a +0 whip.
* * * LOW HITPOINT WARNING * * *
The orc hits you but does no damage. The orc hits you with a +0 mace.
* * * LOW HITPOINT WARNING * * *
As you read the scroll labelled MYKAOR VEGEERO, it crumbles to dust.
You hear the tinkle of a tiny bell.
It was a scroll of butterflies.
* * * LOW HITPOINT WARNING * * *
You feel very sick. The gnoll barely misses you.
The gnoll sergeant hits you from afar with a +4 trident of venom!
You die...

****,,,,,****,,,,,,,,,,,,******
*,,,,***** ****......,,** *
*,,,,** *......,** *,,,,,***
*#......,* *,,,,,,,* *.b.....,*
* ******#.#* *b.b.b..,*******
*********.!* *bb.bb..,,,,,,,**
,,,,,,,**#.* ##bb.b#********,,*
,,*,,,,,*#.#####♣obb.# **,*
*,,,,,*,*#.b.ogoo##bb# *,*
,,,*,,,,###b).gb##*,,# **,*
*,,,,,*,#.,,,****


You could see a gnoll sergeant, an orc priest (ally target), a gnoll (ally
target) and 3 orcs.

Vanquished Creatures
  Pikel (D:5)
  An ice beast (D:5)
  3 centaurs
  2 lemures (D:5)
  7 kobold brigands (Sewer)
  A bullfrog (D:6)
  A necrophage (D:5)
  3 scorpions
  A howler monkey (D:4)
  A jelly (D:6)
  An orc priest (D:5)
  4 iguanas
  Ijyb (D:5)
  An orc wizard (D:5)
  10 adders
  4 gnolls (D:6)
  A shadow imp (D:5)
  An ufetubus (D:5)
  7 worms
  2 dart slugs
  7 orcs
  3 bats (D:1)
  12 endoplasms
  4 giant cockroaches
  8 goblins
  8 hobgoblins
  9 kobolds
  4 quokkas
  10 ball pythons
  4 frilled lizards
  20 rats
142 creatures vanquished.

Notes
Turn   | Place    | Note
-------+----------+-------------------------------------------
     0 | D:1      | testman the Palentonga Fighter began the quest for the Orb.
     0 | D:1      | Reached XP level 1. HP: 19/19 MP: 1/1
   101 | D:1      | Reached XP level 2. HP: 25/25 MP: 2/2
   393 | D:1      | Reached XP level 3. HP: 30/31 MP: 3/3
   736 | D:2      | Found Bibroore's Magic Scroll Boutique.
   741 | D:2      | Bought a scroll of teleportation for 30 gold pieces
   741 | D:2      | Bought a scroll of identify for 20 gold pieces
   741 | D:2      | Bought a scroll of noise for 10 gold pieces
   794 | D:2      | Noticed a scorpion
   799 | D:2      | Killed a scorpion
   800 | D:2      | Reached XP level 4. HP: 39/39 MP: 4/4
  1213 | D:3      | Reached XP level 5. HP: 43/46 MP: 5/5
  1331 | D:3      | Found a glowing drain.
  1335 | Sewer    | Entered a sewer
  1589 | Sewer    | Reached skill level 5 in Fighting
  1843 | Sewer    | Reached XP level 6. HP: 52/54 MP: 6/6
  1900 | Sewer    | Reached skill level 5 in Axes
  2107 | Sewer    | Gained mutation: You curl defensively after being hit. (AC
                  | +7*) [Palentonga growth]
  2107 | Sewer    | Reached XP level 7. HP: 46/62 MP: 7/7
  2848 | D:3      | Found a faded altar of an unknown god.
  2850 | D:3      | Prayed at the altar of an unknown god.
  2850 | D:3      | Became a worshipper of Uskayaw the Reveller
  2850 | D:3      | Reached * piety under Uskayaw
  3060 | D:4      | Reached ** piety under Uskayaw
  3068 | D:4      | Reached *** piety under Uskayaw
  3730 | D:5      | Entered Level 5 of the Dungeon
  3888 | D:5      | Noticed Pikel
  3901 | D:5      | Reached **** piety under Uskayaw
  3902 | D:5      | Killed Pikel
  3903 | D:5      | Reached XP level 8. HP: 22/72 MP: 3/8
  3904 | D:5      | HP: 3/72 [orc priest/divine providence (9)]
  3910 | D:5      | Reached ***** piety under Uskayaw
  4533 | D:5      | Reached skill level 1 in Invocations
  4950 | D:5      | Noticed Ijyb
  4959 | D:5      | Paralysed by Ijyb for 2 turns
  4964 | D:5      | Killed Ijyb
  5390 | D:6      | Reached XP level 9. HP: 32/80 MP: 2/10
  5390 | D:6      | Gained mutation: You have hidden genetic potential. [potion
                  | of mutation]
  5390 | D:6      | Gained mutation: Your body sometimes deteriorates upon
                  | taking damage. [potion of mutation]
  5390 | D:6      | Gained mutation: You are occasionally teleported next to
                  | monsters. [potion of mutation]
  5411 | D:6      | HP: 6/120 [poisoned by a gnoll sergeant]
  5411 | D:6      | Slain by a gnoll sergeant

Illustrated notes

Levels and vault maps discovered:
D:1:      minmay_arrival_doors, layout_loops_ring, minmay_split_cup_small
D:2:      layout_rooms, serial_shops, nicolae_diamond_shop
D:3:      layout_rooms, chequers_ecumenical_altar_twisty, gup_sewer_entry_spiral
D:4:      layout_cave_pools, minmay_manual_mares
D:5:      layout_basic, minmay_manual_monstrance, uniq_pikel, uniq_ijyb
D:6:      layout_rooms, minmay_misc_feat_five, nicolae_shop_sticking_my_neck_out

Skill      XL: |  1  2  3  4  5  6  7  8 |
---------------+-------------------------+-----
Axes           | 3 4 5 7 8 |  8.4
Fighting       | 4 5 6 8 |  8.7
Invocations    | 2 |  2.3
Shields        | 3 |  3.0
Armour         | |  2.4

Action                   |  1- 3 |  4- 6 |  7- 9 || total
-------------------------+-------+-------+-------++-------
Melee: War axe           |    61 |   135 |   177 ||   373
       Tailslap          |     4 |    13 |    22 ||    39
Invok: Stomp             |       |       |     5 ||     5
       Line Pass         |       |       |     3 ||     3
 Abil: Rolling Charge    |    28 |    27 |    40 ||    95
  Use: Potion            |     1 |       |     9 ||    10
       Scroll            |       |       |     5 ||     5
 Stab: Paralysed         |       |       |    10 ||    10
Armor: Scale mail        |    19 |       |       ||    19
       Robe              |     4 |    40 |    82 ||   126
       Skin              |       |       |    19 ||    19
Dodge: Dodged            |    20 |    31 |    73 ||   124
Block: Buckler           |     8 |    14 |    34 ||    56

Table legend: (Time is in decaauts)
 A = Elapsed time spent in this place.
 B = Non-inter-level travel time spent in this place.
 C = Inter-level travel time spent in this place.
 D = Time resting spent in this place.
 E = Time spent auto-exploring this place.
 F = Levels seen in this place.
 G = Mean time per level.
                   A        B        C        D        E       F      G
               +--------+--------+--------+--------+--------+-----+--------+
         Total |   5690 |   5583 |    107 |      0 |   4626 |   7 |  812.9 |
       Dungeon |   4346 |   4239 |    107 |      0 |   3532 |   6 |  724.3 |
         Sewer |   1343 |   1343 |      0 |      0 |   1093 |   1 | 1343.0 |
               +--------+--------+--------+--------+--------+-----+--------+

Top non-repeatable levels by time:
     D:5: 1663 daAuts
   Sewer: 1343 daAuts
     D:3: 748 daAuts
     D:1: 708 daAuts
     D:4: 687 daAuts
     D:2: 516 daAuts
     D:6: 22 daAuts
